 Dungeon Crawl Stone Soup version 0.26.1-2-gb8aa6d0cf2 (webtiles) character file.

Game seed: 15646793942852733704

1327 funkygono the Basher (level 8, -1/51 HPs)
             Began as a Gargoyle Monk on Feb 14, 2021.
             Killed by divine providence
             ... invoked by an orc priest
              (12 damage)
             ... on level 6 of the Dungeon.
             The game lasted 00:09:16 (4529 turns).

funkygono the Basher (Gargoyle Monk)                Turns: 4529, Time: 00:09:17

Health: -1/51      AC: 17    Str: 18    XL:     8   Next: 60%
Magic:  8/8        EV:  8    Int: 10    God:
Gold:   297        SH:  0    Dex: 12    Spells: 7/7 levels left

rFire    . . .     SeeInvis .   a - +2 mace
rCold    . . .     Faith    .   (no shield)
rNeg     + . .     Spirit   .   t - +1 chain mail
rPois    ∞         Reflect  .   (no helmet)
rElec    +         Harm     .   (no cloak)
rCorr    +         Rampage  .   b - +0 pair of gloves
Will     .....                  (no boots)
Stlth    ..........             l - amulet of regeneration
HPRegen  0.57/turn              r - ring of resist corrosion
MPRegen  0.11/turn              (no ring)

@: slowed, very slow
A: negative energy resistance 1, electricity resistance, unbreathing,
petrification resistance, miasma immunity, AC +5
a: no special abilities


You were on level 6 of the Dungeon.
You visited 2 branches of the dungeon, and saw 7 of its levels.

You collected 297 gold pieces.

Inventory:

Hand Weapons
 a - a +2 mace (weapon)
Missiles
 d - 257 stones (quivered)
 e - 41 sling bullets
 p - 4 boomerangs of dispersal
 u - 3 boomerangs
Armour
 b - a +0 pair of gloves (worn)
 t - a +1 chain mail (worn)
Jewellery
 l - an amulet of regeneration (around neck)
 r - a ring of resist corrosion (left hand)
Wands
 s - a wand of paralysis (17)
Scrolls
 f - 9 scrolls of teleportation
 j - 4 scrolls of remove curse
 v - a scroll of fog
Potions
 c - 2 potions of flight
 g - a potion of lignification
 h - 3 potions of heal wounds
 i - a potion of attraction
 k - 3 potions of curing
 m - 2 potions of haste
 n - a potion of ambrosia {unknown}
 o - 2 potions of brilliance {unknown}
 q - a potion of resistance {unknown}


   Skills:
 + Level 5.7 Fighting
 + Level 8.0 Maces & Flails
 + Level 4.8 Armour
 + Level 3.1 Dodging
 - Level 3.0 Stealth


You had 7 spell levels left.
You didn't know any spells.
Your spell library was empty.

Dungeon Overview and Level Annotations

Branches:
Dungeon (6/15)             Temple (1/1) D:6

Altars:
Ashenzari
Cheibriados
Dithmenos
Fedhas
Gozag
Hepliaklqana
Kikubaaqudgha
Okawaru
Qazlal
Sif Muna
Trog
Wu Jian
Xom
Yredelemnul
Zin

Shops:
D:4 =


Innate Abilities, Weirdness & Mutations

You are resistant to torment.
Your stone body is resilient. (AC +5)
You are immune to poison.
You resist negative energy. (rN+)
You are resistant to electric shocks. (rElec)
You can survive without breathing.
You are immune to petrification.
You are immune to miasma.


Message History

You kill the orc!
The orc priest looks braver for a moment.
The orc warrior hits you but does no damage.
The orc priest calls down the wrath of Beogh upon you.
Pain shoots through your body!
The orc warrior hits you but does no damage.
The orc priest looks braver for a moment.
You see here a glaive.
An orc priest comes into view. It is wielding a +0 mace.
The orc priest calls down the wrath of Beogh upon you.
Pain shoots through your body!
* * * LOW HITPOINT WARNING * * *
The orc warrior hits you from afar with a +0 trident.
* * * LOW HITPOINT WARNING * * *
Things that are here:
a +0 dagger; a +0 robe; an orc corpse The orc priest shouts!
The orc priest mumbles some strange prayers to Beogh against you.
Beogh smites you!
You die...

._.♣ #.#.# ♣.♣♣
####.#.##### ♣.♣
#....†.....# #'#
#......###.#
#.#######..#.###
#.# #..........#)#
#.# #
##.#######.#.#
#.#####... #...###
#.#.#####..)......
..#...#
.#....@)oo..o....
#...#.#
.############.#.#
##.##.####.# #.
#......# #.
#.....## #.
#.###.# .. #.# #.#
.. #.# #.# #.# #.#


You could see an orc warrior and 2 orc priests.

Vanquished Creatures
  A water moccasin (D:5)
  3 ice beasts
  2 ogres (D:5)
  A howler monkey (D:5)
  A centaur zombie (D:5)
  4 hounds
  2 orc priests
  4 orc wizards
  2 iguanas
  4 worker ants
  A hound zombie (D:5)
  A hound skeleton (D:5)
  A worker ant zombie (D:5)
  4 gnolls (D:3)
  9 adders
  An ufetubus (D:5)
  An ooze (D:4)
  A worm (D:2)
  3 dart slugs
  2 leopard geckos
  16 orcs
  3 giant cockroaches
  9 goblins
  5 hobgoblins
  3 jackals (D:4)
  A quokka (D:3)
  2 ball pythons
  10 bats
  8 frilled lizards
  4 kobolds
  A quokka skeleton (D:3)
  11 rats
121 creatures vanquished.

Vanquished Creatures (others)
  10 plants (D:3)
10 creatures vanquished.

Grand Total: 131 creatures vanquished

Notes
Turn   | Place    | Note
-------+----------+-------------------------------------------
     0 | D:1      | funkygono the Gargoyle Monk began the quest for the Orb.
     0 | D:1      | Reached XP level 1. HP: 14/14 MP: 1/1
   387 | D:1      | Reached XP level 2. HP: 15/19 MP: 2/2
   933 | D:1      | Reached XP level 3. HP: 24/24 MP: 3/3
  1129 | D:2      | Reached skill level 4 in Maces & Flails
  1129 | D:2      | Reached XP level 4. HP: 27/29 MP: 4/4
  1205 | D:2      | Reached skill level 1 in Armour
  1598 | D:3      | Reached XP level 5. HP: 33/33 MP: 5/5
  1726 | D:3      | Found a blossoming altar of Fedhas.
  1753 | D:3      | Paralysed by an orc for 3 turns
  1770 | D:3      | Found a shadowy altar of Dithmenos.
  2499 | D:4      | Reached skill level 5 in Maces & Flails
  2499 | D:4      | Reached XP level 6. HP: 32/38 MP: 6/6
  2735 | D:4      | Found Xecili's Jewellery Shoppe.
  2943 | D:4      | Found an ancient bone altar of Kikubaaqudgha.
  3153 | D:5      | Entered Level 5 of the Dungeon
  3180 | D:5      | Reached skill level 6 in Maces & Flails
  3180 | D:5      | Reached XP level 7. HP: 24/44 MP: 7/7
  3535 | D:5      | Reached skill level 5 in Fighting
  3566 | D:5      | Reached skill level 7 in Maces & Flails
  3566 | D:5      | Reached XP level 8. HP: 43/49 MP: 8/8
  4065 | D:6      | Found a stormy altar of Qazlal.
  4145 | D:6      | Found a staircase to the Ecumenical Temple.
  4152 | Temple   | Entered the Ecumenical Temple
  4425 | D:6      | Found a hazy altar of Hepliaklqana.
  4497 | D:6      | Reached skill level 8 in Maces & Flails
  4529 | D:6      | Killed from afar by an orc priest

Illustrated notes

Levels and vault maps discovered:
D:1:      co_arrival_square_in_a_square_in_a_square, layout_rooms
D:2:      layout_rooms
D:3:      layout_basic, fedhas_altar_1, old_standard_altar, serial_bayou,
          serial_bayou_lagoon_a, serial_bayou_crossing, serial_bayou_pond_e,
          serial_bayou_pond_a, serial_bayou_pond_b
D:4:      layout_loops_ring, old_standard_altar, serial_shops,
          nicolae_shop_trees, wad_rectangle_vault
D:5:      layout_gridville
D:6:      layout_loops_ring, kennysheep_little_box,
          minmay_temple_entry_overgrown, serial_shops, shop, lemuel_oklob_altar
Temple:   minmay_temple_curvy_loop

Skill      XL: |  1  2  3  4  5  6  7  8 |
---------------+-------------------------+-----
Maces & Flails | 4 5 6 7 8 |  8.0
Armour         | 1 2 3 4 |  4.8
Fighting       | 4 5 |  5.7
Stealth        | 3 |  3.0
Dodging        | 3 |  3.1

Action                   |  1- 3 |  4- 6 |  7- 9 || total
-------------------------+-------+-------+-------++-------
Melee: Mace              |   126 |   216 |   182 ||   524
  Use: Scroll            |     3 |    10 |     4 ||    17
 Stab: Sleeping          |     1 |     5 |       ||     6
Armor: Robe              |    14 |       |       ||    14
       Leather armour    |    67 |    48 |       ||   115
       Chain mail        |       |    33 |   137 ||   170
Dodge: Dodged            |   129 |   121 |   100 ||   350
